 Dungeon Crawl Stone Soup version 0.15-b1-114-gc91a0a7 (webtiles) character file.

519356 Velyks the Executioner (level 24, -13/247 HPs)
             Began as a Deep Dwarf Fighter on Aug 23, 2014.
             Was a High Priest of Trog.
             Killed from afar by a Shadow Fiend (44 damage)
             ... with a bolt of cold
             ... summoned by a deep elf demonologist
             ... on Level 3 of the Elven Halls on Aug 24, 2014.
             The game lasted 05:39:06 (47256 turns).

Velyks the Executioner (Deep Dwarf Fighter)        Turns: 47256, Time: 05:39:06

HP -13/247       AC 52     Str 34      XL: 24   Next:  6%
MP   0/0         EV 10     Int 12      God: Trog [*****.]
Gold 4389        SH  0     Dex  9      Spells:  0 memorised, 23 levels left

rFire  + . .     SeeInvis +     i - +11 battleaxe of Egalitarianism {freeze, Contam +Inv rN+ SInv}
rCold  . . .     Clarity  .     W - +8 chain mail {rPois}
rNeg   + + .     rCorr    .     (no shield)
rPois  +         rRot     .     w - +4 helmet of Trial and Error {+Blink Int+3}
rElec  +         Spirit   .     B - +4 cloak of the Clam {+Rage rElec MR+ Dex-4}
SustAb .         Warding  .     T - +2 pair of gloves {Str+3}
rMut   +         Stasis   .     n - +2 pair of boots {Fly}
Gourm  .                        G - amulet of resist mutation
MR     ++++.                    a - +5 ring of protection
                                V - ring of protection from fire

@: liquid flames, non-regenerating, glowing, drained, incredibly resistant to
hostile enchantments, extremely unstealthy
A: damage resistance, recharge devices, molten scales 1, slimy green scales 1,
negative energy resistance 1, sense surroundings 3, shaggy fur 1, slow healing 3
a: Device Recharging, Burn Spellbooks, Berserk, Trog's Hand, Brothers in Arms,
Renounce Religion, Evoke Blink, Evoke Berserk Rage, Evoke Invisibility, Evoke
Flight
}: 3/15 runes: barnacled, silver, gossamer


You were on level 3 of the Elven Halls.
You worshipped Trog.
Trog was extremely pleased with you.
You were not hungry.

You visited 8 branches of the dungeon, and saw 46 of its levels.
You visited the Abyss 1 time.
You visited 1 bazaar.
You also visited: Trove and Ice Cave.

You collected 6287 gold pieces.
You spent 1898 gold pieces at shops.

Inventory:

Hand weapons
 i - the +11 battleaxe of Egalitarianism (weapon) {freeze, Contam +Inv rN+ SInv}
   (Trog gifted it to you on level 14 of the Dungeon)

   It has been specially enchanted to freeze those struck by it, causing extra
   injury to most foes and up to double damage against particularly susceptible
   opponents.
   It can also slow down cold-blooded creatures.
   It protects you from negative energy.
   It enhances your eyesight.
   It lets you turn invisible.
   It causes magical contamination when unequipped.
Armour
 n - a +2 pair of boots of flying (worn)
 w - the +4 helmet of Trial and Error (worn) {+Blink Int+3}
   (You found it in a treasure trove)

   It affects your intelligence (+3).
   It lets you blink.
 B - the +4 cloak of the Clam (worn) {+Rage rElec MR+ Dex-4}
   (You found it in a treasure trove)

   It affects your dexterity (-4).
   It insulates you from electricity.
   It affects your resistance to hostile enchantments.
   It lets you go berserk.
 T - a +2 pair of gloves of strength (worn)
 W - a +8 chain mail of poison resistance (worn)
Magical devices
 d - a wand of heal wounds (1)
 j - a wand of paralysis (14)
 k - a wand of confusion (11)
 u - a wand of cold (8)
 x - a wand of disintegration (7)
 A - a wand of digging (9)
 C - a wand of paralysis (6)
 E - a wand of polymorph (13)
 H - a wand of lightning (2)
 R - a wand of slowing (18)
Comestibles
 v - 14 meat rations
 Z - a beef jerky
Scrolls
 b - 6 scrolls of identify
 f - a scroll of vulnerability
 o - a scroll of summoning
 q - 28 scrolls of remove curse
 y - 2 scrolls of holy word
 D - a scroll of blinking
 F - 8 scrolls of fear
 I - 4 scrolls of teleportation
 K - 4 scrolls of enchant weapon
 O - a scroll of silence
 P - 4 scrolls of magic mapping
 U - 3 scrolls of fog
 X - a scroll of recharging
Jewellery
 a - a +5 ring of protection (right hand)
 z - an uncursed amulet of clarity
 G - an amulet of resist mutation (around neck)
 M - a +5 ring of strength
 N - the amulet of the Four Winds {Clar rN+ MR+++}
   (You took it off a deep elf annihilator on level 3 of the Elven Halls)

   [amulet of clarity]

   It provides mental clarity.
   It protects you from negative energy.
   It affects your resistance to hostile enchantments.
 V - a ring of protection from fire (left hand)
Potions
 c - 2 potions of resistance
 e - a potion of might
 g - 17 potions of curing
 h - 12 potions of heal wounds
 l - 3 potions of magic
 m - 2 potions of invisibility
 p - 2 potions of berserk rage
 r - 5 potions of cancellation
 s - 3 potions of brilliance
 t - a potion of haste
 J - 2 potions of porridge
 L - 7 potions of agility
Miscellaneous
 Q - a lamp of fire
 S - a fan of gales
 Y - a phial of floods


   Skills:
 * Level 20.7 Fighting
 + Level 24.0 Axes
 + Level 21.1(21.0) Armour
 - Level 9.4 Dodging
   Level 3.4 Shields
 - Level 18.1 Evocations


You had 23 spell levels left.
You didn't know any spells.

Dungeon Overview and Level Annotations

Branches:
Dungeon (15/15)            Temple (1/1) D:7             Orc (4/4) D:10
    Elf (3/3) Orc:4          Lair (8/8) D:10         Shoals (5/5) Lair:5
 Spider (5/5) Lair:4        Slime (0/6) Lair:6       Vaults (5/5) D:13
  Crypt (0/3) Vaults:2     Depths (0/5) D:15

Altars:
Ashenzari
Cheibriados
Dithmenos
Elyvilon
Fedhas
Kikubaaqudgha
Makhleb
Nemelex Xobeh
Okawaru
Qazlal
Sif Muna
Trog
Vehumet
Xom
Yredelemnul
Zin
The Shining One

Shops:
D:4 *   D:6 ![=:   D:8 *   D:10 (?   D:12 !   D:13 }   D:14 %   Orc:2 [!!(*
Orc:3 [   Orc:4 %(}[   Elf:2 *   Vaults:3 (

Annotations:
Spider:5 Mara


Innate Abilities, Weirdness & Mutations

You are resistant to damage.
You can recharge devices by infusing magical energy.
You resist negative energy.
You passively map a large area around you.
You do not heal naturally.
You are partially covered in molten scales (AC +1).
You are partially covered in slimy green scales (AC +2).
You are covered in fur (AC +1).


Message History

The reaper is heavily wounded.
The reaper hits you but does no damage.
The deep elf demonologist hits you with a long sword.
* * * LOW HITPOINT WARNING * * *
You closely miss the reaper.
The reaper is heavily wounded.
You closely miss the deep elf demonologist.
The deep elf demonologist is almost dead.
You barely miss the cacodemon.
The cacodemon is lightly wounded.
The red devil barely misses you. The cacodemon gestures at you.
Strange energies course through your body.
You feel frail. The smoke demon gestures at you. The sticky flame hits you!
You resist.
You are covered in liquid flames!
The Shadow Fiend gestures at you. The bolt of cold hits you!
You die...

#...........# .., , ..
#...........##..., , , ,
...###.......###.... , ,
.....##.).(.##....... ,
, .......###)###........
, ,
..P.....))))((...(....,
*
....(....)))...........
* ........)))...........
,###........3ยง@2.#.#...
, #.#......1e2#.# #, *
####.....4.3### , ,
###...#.... , * , , ,,
,*#...###..., , , ,
#...# ... , , ,, , , ,
..P.. ....,,,, ,, , ,
..... ...,, , , , , . ,
*


You could see a Shadow Fiend, a cacodemon, a reaper, a deep elf demonologist, a
smoke demon, a chaos spawn and a red devil.

Vanquished Creatures
  2 ancient liches (Vaults:5)
  Boris (Vaults:5)
  Mennas (Vaults:5)
  Frederick (Vaults:5)
  2 bone dragons
  Nikola (Shoals:4)
  Arachne (Spider:2)
  A Hell Sentinel (Abyss:1)
  An Ice Fiend (Elf:3)
  5 liches
  4 tentacled monstrosities
  A deep elf blademaster (Elf:3)
  A quicksilver dragon (Vaults:5)
  2 deep elf master archers (Elf:3)
  A titan (Vaults:4)
  2 krakens
  3 tengu reavers
  3 sphinxes
  A storm dragon (Vaults:4)
  8 tentacled starspawn (Abyss:1)
  Rupert (Lair:7)
  Kirke (D:14)
  3 shadow dragons
  2 fire giants (Vaults:5)
  2 frost giants (Vaults:5)
  Donald (Orc:4)
  Maud (Spider:1)
  4 ghost moths
  Aizul (Elf:1)
  Louise (Spider:4)
  11 vault wardens
  9 deep elf sorcerers
  9 emperor scorpions
  A reaper (Elf:3)
  3 war gargoyles
  A very ugly thing (Abyss:1)
  7 stone giants
  4 rakshasas (Vaults:2)
  10 deep elf demonologists
  8 deep elf annihilators
  Azrael (Spider:3)
  2 ettins
  7 deep elf death magi
  2 merfolk javelineers
  Snorg (Spider:2)
  A crystal guardian (Vaults:4)
  10 ironheart preservers
  3 fire dragons
  3 merfolk impalers
  A quicksilver dragon zombie (Abyss:1)
  4 deep elf high priests
  Josephine (Elf:1)
  31 vault guards
  6 yaktaur captains
  Fannar (D:12)
  3 great orbs of eyes
  A ravenous item mimic (Vaults:5)
  10 ogre magi
  4 sirens
  5 ice dragons
  4 hydras
  Erica (Lair:1)
  14 centaur warriors
  3 merfolk aquamancers
  2 satyrs
  5 thrashing horrors (Abyss:1)
  2 orc high priests (Orc:4)
  19 death yaks
  3 catoblepae (Lair:8)
  A hell hog (Abyss:1)
  A sun demon (Elf:3)
  Nergalle (Orc:2)
  2 wretched stars (Abyss:1)
  A shadow wraith (Vaults:3)
  3 fire crabs
  7 deep elf knights
  Erolcha (Orc:2)
  2 storm dragon skeletons (Vaults:3)
  8 large abominations (Abyss:1)
  5 deep trolls (Vaults:4)
  2 giant orange brains
  4 spatial maelstroms (Abyss:1)
  21 orb spiders
  11 sea snakes
  2 flayed ghosts
  An orb spider (shapeshifter) (D:14)
  A shadow demon (Abyss:1)
  3 lindwurms (D:14)
  4 unseen horrors
  An unseen horror (shapeshifter) (Vaults:3)
  10 hill giants
  11 starcursed masses (Abyss:1)
  25 harpies
  13 deep elf summoners
  3 necromancers
  16 orc knights
  An ugly thing zombie (Vaults:3)
  An iron dragon zombie (Abyss:1)
  14 deep elf conjurers
  19 ironbrand convokers
  2 phantasmal warriors (Vaults:5)
  18 griffons
  5 cyclopes
  A hellion (Vaults:5)
  3 water nymphs
  A draconian (shapeshifter) (D:15)
  2 worldbinders (Abyss:1)
  28 wolf spiders
  A wolf spider (shapeshifter) (Vaults:3)
  5 black mambas
  34 ugly things
  11 manticores
  5 sixfirhies
  A stone giant zombie (Abyss:1)
  7 orc sorcerers
  A salamander (shapeshifter) (Vaults:4)
  2 guardian serpents (shapeshifter)
  9 red wasps
  A manticore (shapeshifter) (D:15)
  2 wizards
  11 fauns
  A moth of wrath (Spider:4)
  6 drowned souls
  4 smoke demons
  22 elephants
  16 spiny frogs
  9 vault sentinels
  5 orange demons
  4 torpor snails
  An orange crystal statue (Vaults:2)
  16 mermaids
  A gargoyle (D:10)
  9 komodo dragons
  A centaur skeleton (D:9)
  2 yaktaurs (shapeshifter)
  A fire drake (Lair:8)
  An efreet (D:14)
  18 demonic crawlers
  3 hellwings
  2 kobold demonologists (Vaults:2)
  14 yaktaurs
  A fire drake (shapeshifter) (Vaults:4)
  2 red devils
  2 iron devils
  9 trolls
  The ghost of Velyks the Covered, an average DDFi (D:3)
  3 polar bears (Lair:7)
  2 blue devils
  33 jumping spiders
  A merfolk (shapeshifter) (Vaults:2)
  41 merfolk
  28 two-headed ogres
  3 ancient zymes (Abyss:1)
  A hydra zombie (D:14)
  9 deep elf priests
  3 wind drakes
  8 freezing wraiths
  2 polar bears (shapeshifter)
  10 slime creatures
  5 boulder beetles
  9 blink frogs
  A jumping spider (shapeshifter) (Vaults:5)
  12 snapping turtles
  A frost giant simulacrum (Vaults:2)
  A stone giant simulacrum (Vaults:2)
  A fire dragon skeleton (D:13)
  46 redbacks
  27 trapdoor spiders
  29 tarantellas
  24 deep elf magi
  5 wyverns
  A griffon skeleton (D:15)
  A redback (shapeshifter) (Vaults:5)
  3 raiju (Abyss:1)
  A fire bat (shapeshifter) (D:15)
  3 elf zombies
  4 fire elementals (Spider:3)
  20 humans (D:13)
  A fire bat (Abyss:1)
  2 shadows
  2 basilisks
  49 yaks
  2 ynoxinuls (Abyss:1)
  A human (shapeshifter) (Vaults:3)
  14 water elementals
  11 hippogriffs
  29 deep elf fighters
  2 chaos spawn
  A neqoxec (Abyss:1)
  7 hogs (D:14)
  4 elf skeletons (Elf:1)
  An emperor scorpion simulacrum (Abyss:1)
  A yaktaur simulacrum (Vaults:1)
  A hippogriff (shapeshifter) (D:15)
  2 spatial vortices (Abyss:1)
  13 vampire mosquitoes
  3 hungry ghosts
  2 wraiths
  Edmund (D:8)
  2 human zombies
  A wolf (shapeshifter) (Abyss:1)
  An ogre zombie (Vaults:3)
  5 wargs
  37 orc warriors
  14 wolves
  10 water moccasins
  10 small abominations (Abyss:1)
  A hell hound (Spider:3)
  43 spiders
  4 yellow wasps
  A black bear (D:12)
  5 sky beasts
  An ettin simulacrum (Abyss:1)
  A sky beast (shapeshifter) (D:13)
  7 porcupines
  42 ogres
  8 boggarts
  25 centaurs
  10 ice beasts
  A tengu (shapeshifter) (Vaults:4)
  3 phantoms
  A big kobold (D:7)
  13 crocodiles
  A boring beetle (Spider:3)
  6 brain worms
  A gnoll sergeant (D:10)
  2 cyclops zombies
  11 giant frogs
  3 eyes of draining (shapeshifter)
  3 eyes of draining
  2 hippogriff zombies
  13 wights
  16 scorpions
  15 killer bees
  A yak skeleton (D:9)
  10 electric eels
  A giant frog zombie (D:12)
  2 goliath beetles
  5 crimson imps
  2 human simulacra (Vaults:3)
  20 orc priests
  A black bear skeleton (D:6)
  A giant frog skeleton (D:10)
  9 jellies
  4 quasits
  15 hounds
  3 iron imps (Abyss:1)
  14 orange rats
  33 orc wizards
  8 worker ants
  10 iguanas
  24 sheep
  An elf simulacrum (Elf:1)
  A crocodile zombie (D:14)
  A hound skeleton (D:5)
  8 gnolls
  19 adders
  49 green rats
  6 orc zombies
  2 shadow imps
  2 giant mites
  3 white imps (Abyss:1)
  5 worms
  3 ufetubi (Abyss:1)
  5 giant geckos
  3 oozes
  156 orcs
  A ball python (D:4)
  17 bats
  A bat skeleton (D:4)
  5 giant cockroaches
  28 goblins
  29 hobgoblins
  4 jackals
  11 quokkas
  10 giant newts
  27 kobolds
  A lurking horror (Abyss:1)
  2 orc skeletons
  11 rats
  2 spectral orcs (Orc:2)
  6 crawling corpses
  13 fungi
  43 plants
  7 starspawn tentacles (Abyss:1)
  6 tentacles
2225 creatures vanquished.

Vanquished Creatures (collateral kills)
  Wiglaf (Spider:3)
  3 vault wardens
  A merfolk impaler (Shoals:5)
  A vault guard (Vaults:3)
  An ironheart preserver (Vaults:2)
  An ice dragon (Vaults:4)
  An ogre mage (Vaults:2)
  A satyr (Shoals:5)
  A soul eater (Orc:4)
  2 orc high priests (Orc:4)
  A fire crab (Vaults:3)
  A deep troll (Vaults:5)
  3 orc knights
  An orb spider (Spider:5)
  2 ironbrand convokers
  2 orc sorcerers (Orc:4)
  A vault sentinel (Vaults:3)
  3 yaktaurs (Vaults:2)
  A demonic crawler (Spider:3)
  An elf (Vaults:1)
  A queen bee (shapeshifter) (Vaults:4)
  A hellwing (Vaults:2)
  A deep elf priest (Vaults:3)
  A merfolk (Shoals:5)
  A ynoxinul (Orc:4)
  3 deep elf magi (Vaults:3)
  2 deep elf fighters (Vaults:3)
  A vampire mosquito (Vaults:3)
  A warg (Vaults:4)
  3 orc warriors
  2 big kobolds (Vaults:2)
  5 orc priests
  An orc wizard (Orc:4)
  An orc zombie (Orc:4)
  3 ufetubi (Orc:4)
  4 orcs
  A kobold (Vaults:2)
  A tentacle (Shoals:3)
62 creatures vanquished.

Vanquished Creatures (others)
  A deep elf high priest (Elf:3)
  A wizard (Vaults:2)
  An unseen horror (D:14)
  6 water elementals
  27 drowned souls
  A fire elemental (Vaults:4)
  A troll (Elf:3)
  2 two-headed ogres
  A freezing wraith (Vaults:5)
  A black bear (Shoals:5)
  A boggart (Vaults:3)
  4 lost souls
  11 ogres
  An orc (Orc:2)
  2 fungi
  12 plants
  28 starspawn tentacles (Abyss:1)
  664 starspawn tentacle segments (Abyss:1)
  24 tentacles
  737 tentacle segments
1526 creatures vanquished.

Grand Total: 3813 creatures vanquished

Notes
Turn   | Place    | Note
--------------------------------------------------------------
     0 | D:1      | Velyks, the Deep Dwarf Fighter, began the quest for the Orb.
     0 | D:1      | Reached XP level 1. HP: 20/20 MP: 1/1
   157 | D:1      | Reached XP level 2. HP: 22/27 MP: 2/2
   173 | D:1      | Reached skill level 1 in Evocations
   360 | D:1      | Reached XP level 3. HP: 23/33 MP: 4/4
   947 | D:2      | Reached XP level 4. HP: 42/42 MP: 6/6
   982 | D:2      | Found a stormy altar of Qazlal.
  1188 | D:3      | Reached skill level 4 in Evocations
  1210 | D:3      | Noticed Velyks' ghost (average DDFi)
  1226 | D:3      | Killed Velyks' ghost
  1226 | D:3      | Reached skill level 5 in Evocations
  1226 | D:3      | Reached XP level 5. HP: 18/49 MP: 7/9
  1226 | D:3      | Reached XP level 6. HP: 20/56 MP: 8/11
  1282 | D:3      | Found an iron altar of Okawaru.
  1282 | D:3      | Found a snail-covered altar of Cheibriados.
  1579 | D:3      | Found a basalt altar of Yredelemnul.
  1586 | D:3      | Found a glowing silver altar of Zin.
  1705 | D:4      | Reached skill level 6 in Evocations
  1967 | D:4      | Found Schotodo's General Store.
  1990 | D:4      | Reached XP level 7. HP: 49/64 MP: 14/14
  2123 | D:4      | Reached skill level 7 in Evocations
  2532 | D:5      | Entered Level 5 of the Dungeon
  2551 | D:5      | Reached skill level 5 in Armour
  2977 | D:5      | Reached skill level 5 in Axes
  2977 | D:5      | Reached skill level 8 in Evocations
  2978 | D:5      | Found a shattered altar of Ashenzari.
  3070 | D:5      | Got an ichor-stained cloak
  3072 | D:5      | Identified the cursed -4 cloak "Nysuergho" {Str+2 Int-4} (You found it on level 5 of the Dungeon)
  3259 | D:5      | Reached XP level 8. HP: 39/73 MP: 16/16
  3370 | D:6      | Found Pharyiby's Jewellery Boutique.
  3449 | D:6      | Found Thrayd Rirgh's Book Boutique.
  3609 | D:6      | Found Qaiblog's Distillery.
  3615 | D:6      | Bought a potion of curing for 28 gold pieces
  3615 | D:6      | Bought a potion of curing for 28 gold pieces
  3647 | D:6      | Found Twosch's Antique Armour Boutique.
  3726 | D:6      | Reached skill level 5 in Fighting
  4053 | D:7      | Found a staircase to the Ecumenical Temple.
  4054 | D:7      | Found a blossoming altar of Fedhas.
  4059 | Temple   | Entered the Ecumenical Temple
  4131 | Temple   | Became a worshipper of Trog the Wrathful
  4718 | D:7      | Gained mutation: You passively map the area around you. [level up]
  4718 | D:7      | Reached XP level 9. HP: 58/82 MP: 17/17
  4777 | D:8      | Noticed Edmund
  4811 | D:8      | Killed Edmund
  4891 | D:8      | Found Osho's Assorted Antiques.
  4993 | D:8      | Acquired Trog's first power
  5310 | D:8      | Bought a glowing broad axe for 92 gold pieces
  5310 | D:8      | Bought a scroll of identify for 46 gold pieces
  5400 | D:8      | Found a radiant altar of Vehumet.
  5517 | D:9      | Reached skill level 9 in Evocations
  5543 | D:9      | Acquired Trog's second power
  5628 | D:9      | Noticed a centaur skeleton
  5635 | D:9      | Killed a centaur skeleton
  5635 | D:9      | Reached XP level 10. HP: 55/94 MP: 18/18
  6089 | D:10     | Entered Level 10 of the Dungeon
  6089 | D:10     | Found a portal to a secret trove of treasure.
  6091 | D:10     | Found Gaaxajif's Magic Scroll Boutique.
  6136 | D:10     | Reached skill level 10 in Evocations
  6150 | D:10     | Bought a scroll of teleportation for 36 gold pieces
  6150 | D:10     | Bought a scroll of teleportation for 36 gold pieces
  6150 | D:10     | Bought a scroll of teleportation for 36 gold pieces
  6150 | D:10     | Bought a scroll of teleportation for 36 gold pieces
  6326 | D:10     | Found Ugroud's Weapon Shoppe.
  6341 | D:10     | Found a staircase to the Orcish Mines.
  6391 | D:10     | Found a staircase to the Lair.
  6667 | D:11     | Noticed a green ugly thing
  6909 | Lair:1   | Entered Level 1 of the Lair of Beasts
  6909 | Lair:1   | Noticed Erica
  6916 | Lair:1   | Killed Erica
  6916 | Lair:1   | Reached skill level 10 in Axes
  7092 | Lair:1   | Reached XP level 11. HP: 67/106 MP: 20/20
  7158 | Lair:1   | Noticed an eight-headed hydra
  7175 | Lair:1   | Killed a four-headed hydra
  7175 | Lair:1   | Reached skill level 11 in Evocations
  8092 | Lair:2   | Noticed a five-headed hydra
  8100 | Lair:2   | Killed a hydra
  8129 | Lair:2   | Reached skill level 10 in Fighting
  8922 | Lair:3   | Reached skill level 12 in Evocations
  9308 | Lair:3   | Reached XP level 12. HP: 92/117 MP: 22/22
  9713 | Lair:4   | Reached skill level 10 in Armour
  9894 | Lair:4   | Found a hole to the Spider Nest.
  9924 | Lair:4   | Noticed a five-headed hydra
  9930 | Lair:4   | Killed a two-headed hydra
 10020 | Lair:4   | Reached skill level 13 in Axes
 10040 | Lair:4   | Acquired Trog's third power
 10131 | Lair:4   | Reached skill level 1 in Dodging
 10753 | Lair:5   | Found a staircase to the Shoals.
 10843 | Lair:5   | Gained mutation: You are partially covered in slimy green scales (AC +2). [potion of mutation]
 11742 | Lair:6   | Reached XP level 13. HP: 113/128 MP: 23/23
 11758 | Lair:6   | Found a staircase to the Slime Pits.
 12366 | Lair:7   | Noticed Rupert
 12382 | Lair:7   | Reached skill level 5 in Dodging
 12397 | Lair:7   | Killed Rupert
 12397 | Lair:7   | Reached skill level 14 in Axes
 12501 | Lair:7   | Found a frozen archway.
 12604 | IceCv    | Entered an ice cave
 14247 | Lair:8   | Entered Level 8 of the Lair of Beasts
 14523 | Lair:8   | Reached skill level 15 in Axes
 14526 | Lair:8   | Gained mutation: You resist negative energy. [level up]
 14526 | Lair:8   | Reached XP level 14. HP: 141/141 MP: 19/19
 15798 | Lair:2   | Gained mutation: You are covered in fur (AC +1). [potion of beneficial mutation]
 15858 | Orc:1    | Entered Level 1 of the Orcish Mines
 16496 | Orc:1    | Found a bloodstained altar of Trog.
 16555 | Orc:2    | Found Ibeon's Distillery.
 16556 | Orc:2    | Found Bracwa Joli's Antique Armour Emporium.
 16560 | Orc:2    | Found Huv Apy's Distillery.
 16577 | Orc:2    | Bought a potion of curing for 20 gold pieces
 16593 | Orc:2    | Received a gift from Trog
 16882 | Orc:2    | Noticed Erolcha
 16891 | Orc:2    | Killed Erolcha
 16930 | Orc:2    | Found Nivvywk's Antique Weapon Shoppe.
 16943 | Orc:2    | Noticed Nergalle
 16958 | Orc:2    | Killed Nergalle
 16989 | Orc:2    | Found Giaje's Assorted Antiques.
 17033 | Orc:2    | Bought a scroll of remove curse for 60 gold pieces
 17111 | Orc:2    | You fall through a shaft for 2 floors!
 17111 | Orc:4    | Entered Level 4 of the Orcish Mines
 17377 | Orc:3    | Found Chiatoen's Armour Emporium.
 17715 | Orc:4    | Noticed Donald
 17729 | Orc:4    | Received a gift from Trog
 17853 | Orc:4    | Killed Donald
 17960 | Orc:4    | Found a staircase to the Elven Halls.
 18092 | Orc:4    | Found Klarar's Armour Shop.
 18100 | Orc:4    | Reached skill level 16 in Axes
 18113 | Orc:4    | Found Caethrasy's Weapon Shoppe.
 18113 | Orc:4    | Found Chuliot's Food Shoppe.
 18113 | Orc:4    | Found Shagh's Gadget Shop.
 18722 | Shoals:1 | Entered Level 1 of the Shoals
 18783 | Shoals:1 | Received a gift from Trog
 18870 | Shoals:1 | Got a transparent turquoise ring
 18879 | Shoals:1 | Identified the ring "Midutsiu" {+Fly rElec rPois} (You found it on level 1 of the Shoals)
 18945 | Shoals:1 | Reached XP level 15. HP: 133/151 MP: 20/20
 20562 | Shoals:3 | Reached skill level 17 in Axes
 20854 | Shoals:3 | Noticed a kraken
 20962 | Shoals:3 | Killed a kraken
 21623 | Shoals:4 | Noticed Nikola
 21645 | Shoals:4 | Killed Nikola
 21866 | Shoals:4 | Identified a scroll of acquirement
 22020 | Shoals:4 | Reached XP level 16. HP: 118/160 MP: 15/15
 22166 | Shoals:4 | Reached skill level 15 in Evocations
 22222 | Shoals:5 | Entered Level 5 of the Shoals
 22997 | Shoals:5 | Reached skill level 18 in Axes
 23044 | Shoals:5 | Reached skill level 15 in Fighting
 23460 | Shoals:5 | Got a barnacled rune of Zot
 23916 | D:10     | Killed an unseen horror
 23931 | D:11     | Killed a green ugly thing
 24001 | D:11     | Noticed a hill giant
 24011 | D:11     | Killed a hill giant
 24358 | D:11     | Noticed a hill giant
 24362 | D:11     | Killed a hill giant
 24425 | D:11     | Noticed a cyan ugly thing
 24441 | D:11     | Killed a cyan ugly thing
 24482 | D:11     | Noticed a manticore
 24499 | D:11     | Killed a manticore
 24583 | D:11     | Noticed a hill giant
 24591 | D:11     | Killed a hill giant
 24728 | D:11     | Noticed a hill giant
 24736 | D:11     | Killed a hill giant
 25225 | D:12     | Found Ziave's Distillery.
 25487 | D:12     | Received a gift from Trog
 25803 | D:12     | Noticed Fannar
 25811 | D:12     | Killed Fannar
 25840 | D:12     | Reached skill level 19 in Axes
 25840 | D:12     | Reached XP level 17. HP: 125/170 MP: 12/12
 25987 | D:13     | Received a gift from Trog
 26083 | D:13     | Found a gate to the Vaults.
 27273 | D:13     | Found Siub Das' Gadget Shoppe.
 27472 | D:14     | Received a gift from Trog
 27532 | D:14     | Noticed Kirke
 27586 | D:14     | Killed Kirke
 27842 | D:14     | Gained mutation: You passively map a large area around you. [level up]
 27842 | D:14     | Reached XP level 18. HP: 121/178 MP: 12/12
 28205 | D:14     | Received a gift from Trog
 28221 | D:14     | Got a smoking battleaxe {god gift}
 28223 | D:14     | Identified the +11 battleaxe of Egalitarianism {freeze, Contam +Inv rN+ SInv} (Trog gifted it to you on level 14 of the Dungeon)
 28228 | D:14     | Found an iron altar of Okawaru.
 28265 | D:14     | Found Zaessae's Food Boutique.
 28479 | D:15     | Entered Level 15 of the Dungeon
 28704 | D:15     | Found a staircase to the Depths.
 29256 | D:15     | Reached skill level 20 in Axes
 29670 | Spider:1 | Entered Level 1 of the Spider Nest
 29883 | Spider:1 | Noticed Maud
 29891 | Spider:1 | Killed Maud
 29900 | Spider:1 | Received a gift from Trog
 30476 | Spider:2 | Received a gift from Trog
 30818 | D:10     | You paid a toll of 12 scrolls of teleportation to enter a treasure trove
 30819 | Trove    | Entered a treasure trove
 30826 | Trove    | Got a twisted helmet
 30837 | Trove    | Identified the -4 helmet "Nannoc" {rPois} (You found it in a treasure trove)
 30848 | Trove    | Got a pair of pitted gloves
 30859 | Trove    | Identified the +3 pair of gloves of Osazyiki {rN+ Int+3} (You found it in a treasure trove)
 30872 | Trove    | Got a twisted cloak
 30883 | Trove    | Identified the +4 cloak of the Clam {+Rage rElec MR+ Dex-4} (You found it in a treasure trove)
 30905 | Trove    | Got a bloodstained helmet
 30911 | Trove    | Identified the +4 helmet of Trial and Error {+Blink Int+3} (You found it in a treasure trove)
 30914 | Trove    | Got a shimmering cloak
 30925 | Trove    | Identified the +0 cloak "Grewku" {rElec Curse} (You found it in a treasure trove)
 30936 | Trove    | Got a pair of ichor-stained boots
 30947 | Trove    | Identified the -2 pair of boots of Psuogy {rF++ Int-1} (You found it in a treasure trove)
 30976 | Trove    | Got an opal-encrusted scale mail
 30987 | Trove    | Identified the cursed +4 scale mail of the Orb Guardian {Slay+4} (You found it in a treasure trove)
 31458 | Spider:2 | Noticed Arachne
 31505 | Spider:2 | Killed Arachne
 31804 | Spider:2 | Noticed Snorg
 31811 | Spider:2 | Killed Snorg
 31892 | Spider:3 | Noticed Azrael
 31899 | Spider:3 | Killed Azrael
 31983 | Spider:3 | Got a transparent scale mail
 31984 | Spider:3 | Identified the cursed -5 scale mail of Igoefig {Dex+2 Stlth+ Curse} (You found it on level 3 of the Spider Nest)
 32187 | Spider:3 | Received a gift from Trog
 32419 | Spider:3 | Got a pair of pitted boots
 32420 | Spider:3 | Identified the cursed -3 pair of boots "Ciotirim" {+Blink rN+} (You found it on level 3 of the Spider Nest)
 32457 | Spider:3 | Noticed Wiglaf
 32486 | Spider:3 | Killed Wiglaf
 32488 | Spider:3 | Got a pitted shield
 32491 | Spider:3 | Identified the +3 shield of Caraar {+Inv +Fly rPois} (You took it off Wiglaf on level 3 of the Spider Nest)
 32692 | Spider:4 | Reached skill level 15 in Armour
 33096 | Spider:4 | Noticed Louise
 33108 | Spider:4 | Killed Louise
 33306 | Spider:5 | Entered Level 5 of the Spider Nest
 33349 | Spider:5 | Reached XP level 19. HP: 150/188 MP: 10/10
 33444 | Spider:5 | Received a gift from Trog
 33502 | Spider:5 | Reached skill level 21 in Axes
 33575 | Spider:5 | Got an ancient battleaxe {god gift}
 33577 | Spider:5 | Identified the +2 battleaxe of the Mind {chop, rElec MR++} (Trog gifted it to you on level 5 of the Spider Nest)
 33772 | Spider:5 | Got a gossamer rune of Zot
 34342 | Spider:5 | Noticed Mara
 34347 | Spider:5 | Noticed Velyks' illusion
 34872 | Vaults:1 | Entered Level 1 of the Vaults
 35382 | Vaults:1 | Noticed a Brimstone Fiend
 35797 | Vaults:1 | Upgraded the game from 0.15-b1-109-g30c8d52 to 0.15-b1-114-gc91a0a7
 36650 | Vaults:2 | Received a gift from Trog
 36819 | Vaults:2 | Reached XP level 20. HP: 145/196 MP: 5/5
 36981 | Vaults:2 | Received a gift from Trog
 37283 | Vaults:2 | Noticed a bone dragon
 37285 | Vaults:2 | Found a staircase to the Crypt.
 37300 | Vaults:2 | Killed a bone dragon
 37633 | Vaults:2 | Reached skill level 22 in Axes
 38176 | Vaults:3 | Received a gift from Trog
 38994 | Vaults:3 | Received a gift from Trog
 39156 | Vaults:3 | Found Jogon's Weapon Emporium.
 39660 | Vaults:3 | Got a fine chain mail
 39661 | Vaults:3 | Identified the cursed -3 chain mail "Phuopsuman" {rElec rN+ Dex+3} (You found it on level 3 of the Vaults)
 40371 | Vaults:4 | Found a flickering gateway to a bazaar.
 40381 | Bazaar   | Entered a bazaar
 40394 | Bazaar   | Found Xaoha's Assorted Antiques.
 40394 | Bazaar   | Found Frytrous' Assorted Antiques.
 40426 | Bazaar   | Found Rutoc's Antique Weapon Shoppe.
 40426 | Bazaar   | Found Kliblykku's Assorted Antiques.
 40445 | Bazaar   | Bought a scroll of identify for 46 gold pieces
 40468 | Bazaar   | Bought a wand of paralysis for 42 gold pieces
 40468 | Bazaar   | Bought 3 scrolls of identify for 126 gold pieces
 40483 | Bazaar   | Bought a potion of might for 57 gold pieces
 40483 | Bazaar   | Bought a disc of storms for 460 gold pieces
 40483 | Bazaar   | Bought a potion of curing for 46 gold pieces
 40713 | Vaults:4 | Reached XP level 21. HP: 119/211 MP: 4/4
 40969 | Vaults:4 | Received a gift from Trog
 41338 | Vaults:5 | Entered Level 5 of the Vaults
 41338 | Vaults:5 | Noticed Frederick
 41339 | Vaults:5 | Cast into the Abyss (vault guard)
 41367 | Abyss:1  | Found a corrupted altar of Lugonu.
 41917 | Abyss:1  | Found a corrupted altar of Lugonu.
 42327 | Abyss:1  | Reached XP level 22. HP: 83/222 MP: 4/5
 42608 | Abyss:1  | Paralysed by accursed screaming for 1 turns
 42633 | Vaults:5 | Escaped the Abyss
 42634 | Vaults:5 | Noticed an ancient lich
 42820 | Vaults:4 | Reached skill level 23 in Axes
 43606 | Vaults:5 | Noticed Boris
 43623 | Vaults:5 | Killed an ancient lich
 43623 | Vaults:5 | Reached XP level 23. HP: 78/232 MP: 1/1
 43645 | Vaults:5 | Killed Boris
 43783 | Vaults:5 | Got a silver rune of Zot
 43919 | Vaults:5 | Noticed Mennas
 43961 | Vaults:5 | Killed Mennas
 43995 | Vaults:5 | Killed Frederick
 44141 | Vaults:5 | Noticed an ancient lich
 44155 | Vaults:5 | Killed an ancient lich
 44575 | Vaults:5 | Got a jewelled broad axe
 44577 | Vaults:5 | Identified the +7 broad axe "Xulea" {chop, Noisy rF+ Str-1} (You found it on level 5 of the Vaults)
 45176 | Elf:1    | Entered Level 1 of the Elven Halls
 45190 | Elf:1    | Found a glowing golden altar of the Shining One.
 45407 | Elf:1    | Noticed Aizul
 45422 | Elf:1    | Killed Aizul
 45508 | Elf:1    | Gained mutation: You are robust (+10% HP). [potion of beneficial mutation]
 45686 | Elf:1    | Noticed Josephine
 45698 | Elf:1    | Killed Josephine
 46211 | Elf:2    | Found Bidimef's General Store.
 46222 | Elf:2    | Bought a scroll of identify for 38 gold pieces
 46222 | Elf:2    | Bought a potion of beneficial mutation for 665 gold pieces
 46229 | Elf:2    | Gained mutation: You are partially covered in molten scales (AC +1). [potion of beneficial mutation]
 46775 | Elf:3    | Entered Level 3 of the Elven Halls
 47120 | Elf:3    | Received a gift from Trog
 47150 | Elf:3    | Reached skill level 24 in Axes
 47165 | Elf:3    | Reached XP level 24. HP: 119/271 MP: 0/0
 47256 | Elf:3    | Lost mutation: You are robust (+10% HP). [a cacodemon]
 47256 | Elf:3    | Killed from afar by a Shadow Fiend

Action                   |  1- 3 |  4- 6 |  7- 9 | 10-12 | 13-15 | 16-18 | 19-21 | 22-24 || total
-------------------------+-------+-------+-------+-------+-------+-------+-------+-------++-------
Melee: War axe           |   152 |   172 |   308 |       |       |       |       |       ||   632
       Hand axe          |       |       |   134 |       |       |       |       |       ||   134
       Broad axe         |       |       |    43 |   620 |  1169 |       |       |       ||  1832
       Battleaxe         |       |       |       |       |    52 |   567 |  1277 |   693 ||  2589
       Executioner's axe |       |       |       |       |    16 |   724 |       |       ||   740
Invok: Trog's Hand       |       |       |       |    36 |    41 |    31 |    51 |    35 ||   194
       Berserk           |       |       |       |       |     5 |     1 |     2 |     1 ||     9
       Brothers in Arms  |       |       |       |       |     7 |     6 |     9 |     4 ||    26
 Abil: Device Recharging |       |     1 |     3 |     1 |    12 |     9 |     7 |     6 ||    39
       Stop Flying       |       |       |       |       |     2 |       |       |     1 ||     3
       Evoke Flight      |       |       |       |       |     2 |       |       |       ||     2
Evoke: Wand              |     1 |     3 |     9 |    21 |    74 |    82 |    56 |    48 ||   294
       Phial of floods   |       |       |       |       |     1 |       |     2 |     2 ||     5
       Lamp of fire      |       |       |       |       |       |       |     1 |       ||     1
  Use: Scroll            |     1 |     5 |    11 |    15 |    12 |    12 |    12 |    11 ||    79
       Potion            |       |       |       |    12 |     6 |     7 |     5 |    11 ||    41
 Stab: Held in net/web   |       |       |       |     2 |       |       |       |       ||     2
       Paralysed         |       |       |       |       |       |     5 |       |       ||     5
       Distracted        |       |       |       |       |       |       |     3 |       ||     3
  Eat: Bread ration      |     1 |       |     3 |     3 |     9 |     5 |     2 |     2 ||    25
       Pizza             |       |       |     1 |       |       |     3 |     7 |       ||    11
       Fruit             |       |       |       |     4 |     6 |     4 |       |     4 ||    18
       Beef jerky        |       |       |       |     4 |     2 |     5 |     2 |     2 ||    15
       Meat ration       |       |       |       |     1 |       |     2 |     1 |     2 ||     6
       Royal jelly       |       |       |       |       |       |     1 |     6 |       ||     7
